 Dungeon Crawl Stone Soup version 0.28-a0-577-gb193047a1f (webtiles) character file.

Game seed: 17235691547879378708

232 barkas the Skirmisher (level 5, -3/41 HPs)
             Began as a Demonspawn Wanderer on Oct 1, 2021.
             Shot with a sling bullet by a goblin (5 damage)
             ... led by Robin
             ... on level 3 of the Dungeon.
             The game lasted 00:04:52 (3436 turns).

barkas the Skirmisher (Demonspawn Wanderer)         Turns: 3436, Time: 00:04:52

Health: -3/41      AC:  2    Str: 13    XL:     5   Next: 73%
Magic:  9/9        EV: 11    Int: 15    God:
Gold:   41         SH:  0    Dex: 11    Spells: 9/10 levels left

rFire   . . .      SeeInvis .   a - +2 hand axe (venom)
rCold   . . .      Faith    .   (no shield)
rNeg    . . .      Spirit   .   c - +0 robe
rPois   .          Reflect  .   (no helmet)
rElec   .          Harm     .   (no cloak)
rCorr   .          Rampage  .   (no gloves)
Will    .....                   (no boots)
Stlth   +.........              (no amulet)
HPRegen 0.13/turn               i - +4 ring of slaying
MPRegen 0.11/turn               (no ring)

@: no status effects
A: talons 1, foul stench 1
a: no special abilities


You were on level 3 of the Dungeon.
You visited 1 branch of the dungeon, and saw 3 of its levels.

You collected 41 gold pieces.

Inventory:

Hand Weapons
 a - a +2 hand axe of venom (weapon)
 b - a +0 double sword
Armour
 c - a +0 robe (worn)
Jewellery
 i - a +4 ring of slaying (left hand)
Scrolls
 e - a scroll of enchant weapon {unknown}
 f - a scroll of fog {unknown}
 g - 2 scrolls of identify {unknown}
Potions
 j - a potion of curing {unknown}


   Skills:
 + Level 3.1 Fighting
 * Level 2.8 Long Blades
 - Level 1.7 Maces & Flails
 - Level 1.0 Stealth
 - Level 1.0 Shields
 - Level 3.0 Spellcasting
 - Level 2.0 Hexes
 - Level 2.0 Transmutations
 - Level 2.0 Poison Magic


You had 9 spell levels left.
You knew the following spells:

 Your Spells              Type           Power      Damage    Failure   Level
a - Sting                 Tmut/Pois      32%        1d4       9%          1

Your spell library contained the following spells:

 Spells                   Type           Power      Damage    Failure   Level
 Animate Skeleton         Necr           4%         N/A       21%         1
 Apportation              Tloc           4%         N/A       21%         1
 Summon Small Mammal      Summ           8%         N/A       21%         1
 Spider Form              Tmut/Pois      4%         N/A       26%         3


Dungeon Overview and Level Annotations

Branches:
Dungeon (3/15)

Altars:
Hepliaklqana
Okawaru
Vehumet
The Shining One

Annotations:
D:3 Robin


Innate Abilities, Weirdness & Mutations

You have sharp toenails.
You may rarely emit foul miasma when damaged in melee.


Message History

You kill the hobgoblin!
You slash the goblin!
You kill the goblin!
The goblin shoots a stone.
The stone hits you.
The goblin unwields a +0 club.
The goblin wields a +0 hunting sling.
The goblin shoots a stone.
The stone closely misses you.
Robin roars a battlecry!
The goblins go into a battle-frenzy!
The goblin shoots a stone.
The stone hits you.
The goblin shoots a stone.
The stone barely misses you.
The goblin shoots a stone.
The stone hits you.
The goblin unwields a +0 club.
The goblin wields a +0 hunting sling.
The goblin shoots a sling bullet.
The sling bullet hits you!
* * * LOW HITPOINT WARNING * * *
The giant cockroach bites you.
* * * LOW HITPOINT WARNING * * *
Robin says, "A pitiful Demonspawn like you will never find the ORB!"
As you read the scroll of teleportation, it crumbles to dust.
You feel strangely unstable. The giant cockroach closely misses you.
Robin throws the goblin at you!
The goblin unwields a +0 hunting sling.
The goblin wields a +0 club.
The goblin hits you with a +0 club.
* * * LOW HITPOINT WARNING * * *
The goblin no longer looks unusually strong.
The giant cockroach bites you but does no damage.
Your surroundings suddenly seem different.
The goblin no longer looks unusually strong. x2
Robin hits you from afar with a +0 trident.
* * * LOW HITPOINT WARNING * * *
As you read the scroll labelled XEYPRA LOIRPH, it crumbles to dust.
You assume a fearsome visage.
Robin looks frightened!
The goblin looks frightened! x5; It was a scroll of fear.
Robin yells at you, "GO AWAY!"
The goblin no longer looks unusually strong.
A goblin comes into view. It is wielding a +0 club.
Found 8 gold pieces.
The goblin hits you with a +0 club.
* * * LOW HITPOINT WARNING * * *
There is a stone staircase leading down here.
The goblin unwields a +0 club.
The goblin wields a +0 hunting sling.
The goblin shoots a sling bullet.
The sling bullet hits you.
You die...

#.......# ..........#
#.........#
#+###.........#######
....................#
.............)).....#
....................#
..............).....#
.......@............#
#$####g.............#
#.................#
#.###.............#
#............######
#####.......#
############
#.g.....#
#..........#
##...).g#
#.....(....#
#..#############


You could see Robin (fleeing) and 2 goblins.

Vanquished Creatures
  An ogre (D:3)
  An orc wizard (D:2)
  Natasha (D:3)
  2 adders (D:2)
  3 worms (D:2)
  3 orcs (D:2)
  10 ball pythons
  4 bats
  7 endoplasms
  11 goblins
  6 hobgoblins
  2 jackals (D:2)
  6 kobolds
  3 quokkas
  A frilled lizard (D:1)
  3 rats
64 creatures vanquished.

Notes
Turn   | Place    | Note
-------+----------+-------------------------------------------
     0 | D:1      | barkas the Demonspawn Wanderer began the quest for the Orb.
     0 | D:1      | barkas set off with the following items: a +2 mace, a
                  | scroll of teleportation, a +0 robe; and the following spell
                  | memorised: Sting; and the following spells available to
                  | memorise: Spider Form
     0 | D:1      | Reached XP level 1. HP: 15/15 MP: 4/4
   399 | D:1      | Gained mutation: You have sharp toenails. [demonic
                  | ancestry]
   399 | D:1      | Reached XP level 2. HP: 21/21 MP: 4/6
   473 | D:1      | Reached skill level 1 in Poison Magic
   605 | D:1      | Reached skill level 1 in Transmutations
  1196 | D:1      | Gained mutation: You may rarely emit foul miasma when
                  | damaged in melee. [demonic ancestry]
  1196 | D:1      | Reached XP level 3. HP: 26/27 MP: 2/7
  2118 | D:2      | Reached XP level 4. HP: 26/33 MP: 1/8
  2444 | D:2      | Found a faded altar of an unknown god.
  2762 | D:2      | Reached skill level 1 in Long Blades
  3013 | D:3      | Found an iron altar of Okawaru.
  3016 | D:3      | Found a hazy altar of Hepliaklqana.
  3016 | D:3      | Found a radiant altar of Vehumet.
  3189 | D:3      | Noticed an ogre
  3213 | D:3      | Killed an ogre
  3214 | D:3      | Reached XP level 5. HP: 41/41 MP: 7/9
  3405 | D:3      | Noticed Natasha
  3411 | D:3      | Noticed Robin
  3412 | D:3      | Killed Natasha
  3429 | D:3      | HP: 2/41 [Robin (2)]
  3435 | D:3      | HP: 2/41 [goblin (1)]
  3436 | D:3      | Shot with a sling bullet by a goblin

Illustrated notes

Levels and vault maps discovered:
D:1:      matt_arrival_los_fun, layout_loops_ring
D:2:      layout_basic, hellmonk_ecumenical_altar_inner_sanctum
D:3:      layout_basic, grunt_temple_overflow_open, uniq_natasha, uniq_robin

Skill      XL: |  1  2  3  4 |
---------------+-------------+-----
Poison Magic   | 1 2 |  2.0
Transmutations | 1 2 |  2.0
Fighting       | 2 3 |  3.1
Long Blades    | 2 |  2.8
Maces & Flails | |  1.7
Stealth        | |  1.0
Shields        | |  1.0
Spellcasting   | |  3.0
Hexes          | |  2.0

Action                   |  1- 3 |  4- 6 || total
-------------------------+-------+-------++-------
Melee: Mace              |    39 |    18 ||    57
       Kick              |     7 |     3 ||    10
       Hand axe          |       |     8 ||     8
 Cast: Sting             |    66 |    32 ||    98
  Use: Scroll            |       |     3 ||     3
 Stab: Sleeping          |     1 |       ||     1
Armor: Robe              |    18 |     5 ||    23
Dodge: Dodged            |    48 |    21 ||    69

Table legend: (Time is in decaauts)
 A = Elapsed time spent in this place.
 B = Non-inter-level travel time spent in this place.
 C = Inter-level travel time spent in this place.
 D = Time resting spent in this place.
 E = Time spent auto-exploring this place.
 F = Levels seen in this place.
 G = Mean time per level.
                   A        B        C        D        E       F      G
               +--------+--------+--------+--------+--------+-----+--------+
         Total |   3455 |   3369 |     86 |    444 |   2369 |   3 | 1151.7 |
       Dungeon |   3455 |   3369 |     86 |    444 |   2369 |   3 | 1151.7 |
               +--------+--------+--------+--------+--------+-----+--------+

Top non-repeatable levels by time:
     D:2: 1551 daAuts
     D:1: 1452 daAuts
     D:3: 451 daAuts
